 Dungeon Crawl Stone Soup version 0.13-b1-54-gfe00c74 (webtiles) character file.

205 Lilouch the Slasher (level 4, -2/36 HPs)
             Began as a Mummy Fighter on Oct 10, 2013.
             Shot with an arrow of dispersal by a centaur warrior (14 damage)
             ... on Level 1 of the Dungeon.
             The game lasted 00:18:49 (9639 turns).

Lilouch the Slasher (Mummy Fighter)                 Turns: 9639, Time: 00:18:49

HP  -2/36        AC  6     Str 20      XL: 4   Next: 69%
MP   3/3         EV  6     Int  7      God:
Gold 89          SH 18     Dex 11      Spells:  0 memorised,  3 levels left

Res.Fire  : x . .   See Invis. : .   a - +0 falchion
Res.Cold  : + . .   Warding    : .   b - +0 scale mail
Life Prot.: + + +   Conserve   : .   c - +0 shield
Res.Poison: +       Res.Corr.  : .   (no helmet)
Res.Elec. : .       Clarity    : .   (no cloak)
Sust.Abil.: . .     Spirit.Shd : .   (no gloves)
Res.Mut.  : .       Stasis     : .   (no boots)
Res.Rott. : +       Flight     : .   (no amulet)
Saprovore : . . .                    (no ring)
                                     (no ring)

@: slightly resistant to hostile enchantments, extremely unstealthy
A: no food or potions, fire vulnerability, restore body, cold resistance 1, life
protection 3, poison resistance, torment resistance, unbreathing
a: no special abilities


You were on level 1 of the Dungeon.
You were not hungry.

You visited 1 branch of the dungeon, and saw 2 of its levels.

You collected 69 gold pieces.

Inventory:

Hand weapons
 a - a +0,+0 falchion (weapon)
 f - a +0,+2 mace of protection
 m - a +0,+0 sling
 p - a +0,+0 spear
 q - a +0,+0 dagger
 r - a +0,+0 dwarven dagger
 s - a -1,+1 orcish dagger
 t - a +0,+0 dagger (quivered)
 u - a +4,+1 elven dagger of venom
 v - a +0,+0 club
 w - a +0,+0 club
 x - a +0,+0 spear
 y - a +0,+0 club
 B - a +0,+1 orcish dagger
 E - a +0,+0 dagger
Missiles
 d - 24 darts
 j - 29 poisoned needles
 o - 18 stones
Armour
 b - a +0 scale mail (worn)
 c - a +0 shield (worn)
Comestibles
 A - a bread ration
 H - a pear
Scrolls
 g - a scroll of identify {unknown}
 i - 4 scrolls of noise {unknown}
 n - a scroll of random uselessness {unknown}
 z - a scroll of remove curse {unknown}
 C - a scroll of blinking {unknown}
 D - a scroll of teleportation {unknown}
 F - a scroll of fear {unknown}
 G - a scroll of recharging {unknown}
Jewellery
 e - an uncursed ring of regeneration {unknown}
Potions
 h - 3 potions of curing {unknown}
 k - a potion of speed {unknown}
 l - a potion of brilliance {unknown}


   Skills:
 - Level 3.0 Fighting
 * Level 3.2 Long Blades
 - Level 3.0 Armour
 + Level 2.9 Shields


You had 3 spell levels left.
You didn't know any spells.

Dungeon Overview and Level Annotations

Branches:
Dungeon (2/27)

Altars:


Innate Abilities, Weirdness & Mutations

You do not eat or drink.
Your flesh is vulnerable to fire.
Your flesh is cold resistant.
You are immune to negative energy.
Your system is resistant to poisons.
You are immune to unholy pain and torment.
You can survive without breathing.


Message History

You start waiting.
You start waiting.
You start waiting.
You start waiting.
A centaur warrior is nearby!
A centaur warrior is nearby!
A centaur warrior is nearby!
A centaur warrior is nearby!
A centaur warrior is nearby!
A centaur warrior is nearby!
The centaur warrior shouts!
The centaur warrior shoots an arrow of dispersal.
You block the arrow of dispersal.
The centaur warrior shoots an arrow of dispersal.
The arrow of dispersal hits you!
You stop descending the stairs.
You blink.
The centaur warrior shoots an arrow of dispersal.
The arrow of dispersal hits you!
You blink.
The centaur warrior shoots an arrow of dispersal.
The arrow of dispersal hits you!
You blink.
You die...

##.# #.............# #.##.# .#.#
#.............# #.##.#
.#.#####.............# #.##.#
.#.......#....ยง......# #.##.#
.#.#####.#...........#####.##.#
.#.#.......................##.#
.#.###.#.#.......)...#####.##.#
...# #.#.#...........# ####.#
##.###.#.#......@....# #...#
.#.%.....#...........########.###
.#.##....###.....................
.#.##......#.............########
.#..........)...>).......#
.####....#.###.#.........#
#####...##.# #.#.........#
...........# #.#.........#
#####...#### #.#.........#


There were no monsters in sight!

Vanquished Creatures
  2 gnolls (D:1)
  2 adders
  A giant mite (D:1)
  2 worms
  2 giant geckos (D:1)
  2 ball pythons (D:1)
  8 bats (D:1)
  11 goblins
  3 hobgoblins (D:1)
  3 jackals (D:1)
  5 giant cockroaches (D:1)
  5 giant newts
  9 kobolds
  7 rats
62 creatures vanquished.

Notes
Turn   | Place    | Note
--------------------------------------------------------------
     0 | D:1      | Lilouch, the Mummy Fighter, began the quest for the Orb.
     0 | D:1      | Reached XP level 1. HP: 18/18 MP: 0/0
   197 | D:1      | Reached XP level 2. HP: 18/24 MP: 1/1
   595 | D:1      | Reached XP level 3. HP: 18/30 MP: 2/2
  1065 | D:2      | Reached XP level 4. HP: 30/36 MP: 3/3
  8679 | D:1      | Noticed a centaur warrior
  9639 | D:1      | Shot with an arrow of dispersal by a centaur warrior

Action                   |  1- 3 |  4- 6 || total
-------------------------+-------+-------++-------
Melee: Falchion          |   120 |   109 ||   229
Throw: Dagger            |       |     7 ||     7
       Club              |       |     1 ||     1
       Dart              |       |     1 ||     1
